 Dungeon Crawl Stone Soup version 0.25.0-9-g26727b657a (webtiles) character file.

Game seed: 11741399350965382145

1143 HungrySpirit the Stinger (level 8, -3/52 HPs)
             Began as an Octopode Venom Mage on June 16, 2020.
             Shot with an arrow by a centaur (9 damage)
             ... on level 5 of the Dungeon.
             The game lasted 00:10:29 (6439 turns).

HungrySpirit the Stinger (Octopode Venom Mage)      Turns: 6439, Time: 00:10:29

Health: -3/52      AC:  1    Str:  7    XL:     8   Next: 37%
Magic:  23/23      EV: 14    Int: 20    God:
Gold:   95         SH:  0    Dex: 12    Spells: 7/15 levels left

rFire    . . .     SeeInvis +   k - +1 short sword
rCold    . . .     Gourm    .   (no shield)
rNeg     + . .     Faith    .   (helmet restricted)
rPois    .         Spirit   .   (no amulet)
rElec    .         Reflect  .   f - ring of positive energy
rCorr    .         Harm     .   i - ring of see invisible
MR       .....                  p - ring of magical power
Stlth    +++.......             (no ring)
HPRegen  0.17/turn              (no ring)
MPRegen  0.18/turn              (no ring)
                                (no ring)
                                (no ring)

@: stab
A: almost no armour, stealthy swim, amphibious, 8 rings, constrict 8, camouflage
1, gelatinous body 1
a: no special abilities


You were on level 5 of the Dungeon.
You were hungry.

You visited 2 branches of the dungeon, and saw 6 of its levels.
You also visited: Sewer.

You collected 95 gold pieces.

Inventory:

Hand Weapons
 k - a +1 short sword (weapon)
Missiles
 h - 14 javelins (quivered)
Jewellery
 f - a ring of positive energy (left tentacle)
 i - a ring of see invisible (right tentacle)
 p - a ring of magical power (on tentacle)
Wands
 r - a wand of digging (6)
Scrolls
 c - 3 scrolls of remove curse
 d - 3 scrolls of identify
 g - a scroll of teleportation
 j - a scroll of fear {unknown}
 n - a scroll of magic mapping {unknown}
 o - a scroll of enchant weapon
 s - 2 scrolls of blinking
 t - a scroll of amnesia
 u - a scroll of holy word {unknown}
Potions
 e - a potion of stabbing
 l - a potion of might {unknown}
 m - a potion of heal wounds {unknown}
 q - a potion of curing {unknown}
Comestibles
 b - 5 rations


   Skills:
 + Level 3.3 Fighting
 - Level 4.0 Dodging
 - Level 2.6 Stealth
 - Level 3.0 Unarmed Combat
 - Level 4.0 Spellcasting
 - Level 2.0 Transmutations
 + Level 2.4 Fire Magic
 * Level 7.6 Poison Magic


You had 7 spell levels left.
You knew the following spells:

 Your Spells              Type           Power        Failure   Level  Hunger
a - Sting                 Tmut/Pois      ###.         1%          1    None
b - Olgreb's Toxic Radia  Pois           ####....     5%          4    ####...
c - Ignite Poison         Fire/Tmut/Pois ###.....     8%          3    ###....

Your spell library contained the following spells:

 Spells                   Type           Power        Failure   Level  Hunger
 Poisonous Vapours        Pois/Air       ###...       4%          2    #......
 Mephitic Cloud           Conj/Pois/Air  ##......     14%         3    ###....


Dungeon Overview and Level Annotations

Branches:
Dungeon (5/15)             Temple (1/1) D:4           Sewer (visited)

Altars:
Ashenzari
Cheibriados
Dithmenos
Gozag
Hepliaklqana
Kikubaaqudgha
Makhleb
Nemelex Xobeh
Okawaru
Qazlal
Ru
Uskayaw
Vehumet
Wu Jian
Xom
Yredelemnul
Zin
The Shining One


Innate Abilities, Weirdness & Mutations

You cannot wear most types of armour.
You are very stealthy in the water. (Stealth+)
You are amphibious.
You can wear up to eight rings at the same time.
You can use your tentacles to constrict eight enemies at once.
Your skin changes colour to match your surroundings (Stealth+).
Your rubbery body absorbs attacks. (AC +1, EV +1)


Message History

The sky beast flickers out of sight for a moment.
The sky beast hits you. The sky beast shocks you.
A centaur comes into view.
The centaur shouts!
The centaur wields a +0 shortbow.
The centaur shoots an arrow.
The arrow hits you!!
* * * LOW HITPOINT WARNING * * *
You see here an arrow.
The centaur shoots an arrow.
The arrow misses you.
The sky beast hits you but does no damage.
The centaur shoots an arrow.
The arrow hits you.
* * * LOW HITPOINT WARNING * * *
You see here an arrow.
It was a potion of stabbing.
You feel ready to backstab.
You kill the sky beast!
The centaur shoots an arrow.
The arrow misses you.
It was a potion of magic.
Magic courses through your body.
The centaur shoots an arrow.
The arrow hits you!
You die...

.............## #....
..............# ......
!.............# ......
..............# ......
..............#####†.....
...................c..)..
................(........
..............(...†......
..............(†@<.......
...........###########...
#.....[...## ..
##.......## # #......##
##....## #.##


You could see a centaur.

Vanquished Creatures
  Sigmund (D:5)
  A sky beast (D:5)
  An ogre (D:4)
  4 big kobolds (Sewer)
  2 howler monkeys
  A crimson imp (D:5)
  2 hounds (D:4)
  2 orc priests (D:4)
  2 orc wizards
  An iguana (D:5)
  A worker ant (D:4)
  A hound skeleton (D:4)
  11 adders
  A river rat (Sewer)
  An ooze (Sewer)
  3 worms
  2 leopard geckos
  8 orcs
  7 bats
  2 giant cockroaches
  6 goblins
  5 hobgoblins
  6 kobolds
  4 quokkas
  8 ball pythons (Sewer)
  4 frilled lizards
  14 rats
101 creatures vanquished.

Notes
Turn   | Place    | Note
-------+----------+-------------------------------------------
     0 | D:1      | HungrySpirit the Octopode Venom Mage began the quest for
                  | the Orb.
     0 | D:1      | Reached XP level 1. HP: 11/11 MP: 3/3
   602 | D:1      | Reached XP level 2. HP: 4/17 MP: 3/5
  1406 | D:2      | Found an opulent altar of Gozag.
  1470 | D:2      | Reached XP level 3. HP: 22/22 MP: 3/6
  1591 | D:2      | Reached skill level 1 in Fighting
  1591 | D:2      | Reached skill level 4 in Poison Magic
  2138 | D:3      | Reached skill level 1 in Unarmed Combat
  2417 | D:3      | Reached XP level 4. HP: 25/28 MP: 7/7
  3454 | D:4      | Reached XP level 5. HP: 28/33 MP: 5/8
  3492 | D:4      | Found a glowing drain.
  3506 | Sewer    | Entered a sewer
  3760 | Sewer    | Noticed a big kobold
  3780 | Sewer    | Killed a big kobold
  3780 | Sewer    | Reached XP level 6. HP: 29/39 MP: 6/10
  4103 | Sewer    | Reached skill level 5 in Poison Magic
  4318 | Sewer    | Reached XP level 7. HP: 29/45 MP: 7/12
  4926 | D:4      | Learned a level 4 spell: Olgreb's Toxic Radiance
  4930 | D:4      | Learned a level 3 spell: Ignite Poison
  5069 | D:4      | Found a staircase to the Ecumenical Temple.
  5086 | Temple   | Entered the Ecumenical Temple
  5435 | D:4      | Reached skill level 6 in Poison Magic
  5663 | D:4      | Reached skill level 1 in Fire Magic
  5991 | D:5      | Entered Level 5 of the Dungeon
  5998 | D:5      | Noticed Sigmund
  6018 | D:5      | Killed Sigmund
  6018 | D:5      | Reached skill level 7 in Poison Magic
  6018 | D:5      | Reached XP level 8. HP: 32/51 MP: 12/14
  6439 | D:5      | Shot with an arrow by a centaur

Illustrated notes

Levels and vault maps discovered:
D:1:      giann_wishing_wells, layout_rooms
D:2:      layout_loops_ring, nicolae_gozag_seed_capital
D:3:      layout_basic, serial_curves, eino_curves_04, eino_curves_04
D:4:      layout_loops_corners, temple_statues, portal_sewer_entry_d,
          nicolae_ossuary_entry_ruins
D:5:      minmay_inner_zag, layout_cave_pods, first_ration, serial_shops, shop,
          uniq_sigmund
Temple:   dpeg_five_rooms_temple

Skill      XL: |  1  2  3  4  5  6  7  8 |
---------------+-------------------------+-----
Fighting       | 1 2 3 |  3.3
Poison Magic   | 4 5 7 |  7.6
Unarmed Combat | 1 2 3 |  3.0
Transmutations | 2 |  2.0
Dodging        | 3 4 |  4.0
Spellcasting   | 3 4 |  4.0
Fire Magic     | 1 2 |  2.4
Stealth        | |  2.6

Action                   |  1- 3 |  4- 6 |  7- 9 || total
-------------------------+-------+-------+-------++-------
Melee: Unarmed           |    54 |       |       ||    54
       Constrict         |    16 |    21 |    13 ||    50
       Tentacles         |     8 |    17 |     5 ||    30
       Short sword       |    15 |    97 |    50 ||   162
 Cast: Sting             |    26 |    32 |    57 ||   115
       Ignite Poison     |       |       |     2 ||     2
       Olgreb's Toxic Ra |       |       |     1 ||     1
  Use: Scroll            |       |     7 |       ||     7
       Potion            |       |       |     2 ||     2
 Stab: Sleeping          |     8 |     5 |       ||    13
  Eat: Chunk             |     5 |     6 |     6 ||    17
Armor: Skin              |     6 |     8 |     4 ||    18
Dodge: Dodged            |    48 |    72 |    53 ||   173
